AoeStats
← dragonlee66

Arena

510509391Analyzed
1v1 RM · 16h ago on Oct 1, 2026· 35m 43s· 2 players
Game mode
Random Map
Map size
Tiny (2 player)
Population
200
Speed
Normal
Resources
Standard
Victory
Conquest
Starting age
Dark Age
Ending age
Imperial Age
RankedLock teamsTeams togetherTeam positionsShared explorationLock speedFull tech treeHidden civsTurbo modeCheats
Victory
Defeat
🇨🇳 Turks · China
1039
+16
🇹🇷 Spanish · Türkiye
1041
-16
dragonlee66
10:00 Feudal Age
14:29 Castle Age
12:36 Double-Bit Axe
15:40 Horse Collar
21:16 Heavy Plow
25:41 Wheelbarrow
25:41 Loom
27:33 Hand Cart
30:14 Imperial Age
28:31 Bloodlines
28:48 Bow Saw
29:07 Husbandry
29:20 Forging
29:12 Padded Archer Armor
29:17 Scale Barding Armor
30:34 Heavy Camel Rider
31:55 Iron Casting
31:38 Leather Archer Armor
34:28 Blast Furnace
33:49 Chain Barding Armor
(DB) Ezdur
10:48 Feudal Age
11:42 Loom
16:11 Castle Age
15:23 Double-Bit Axe
15:20 Horse Collar
15:43 Stone Mining
17:21 Bow Saw
25:01 Wheelbarrow
28:34 Imperial Age
26:45 Gold Mining
29:02 Bloodlines
28:54 Husbandry
30:50 Conscription
30:06 Pikeman
31:01 Fletching
31:17 Cavalier
32:32 Squires
33:44 Scale Mail Armor
36:07 Chain Mail Armor
Connection lost

Rejoining the realm…

Still unreachable

The connection could not be restored.

Session expired

The server has moved on; the page needs a fresh start.